[ AOE2 MATCH · #470200499 ]
UnrankedSlavs vs Chinese
Player's team · WIN
Rival team · LOSS
[ REPLAY ANALYSIS · EXTRACTED FROM THE RECORDED GAME ]
Feudal
13:07
Castle
24:49
Imperial
—
| APM avg | 36.7 |
| APM peak | 65 |
| eAPM avg | 16.5 |
| Villagers / military | 40 / 42 |
Focus
⚔️ 26.7% · 🌾 73.3%
Fire Galley ×10 · Cavalry Archer ×10 · Fishing Ship ×9 · Demolition Raft ×8 · Boyar ×4 · Scout Cavalry ×3
Feudal
15:38
Castle
27:30
Imperial
—
| APM avg | 21.5 |
| APM peak | 61 |
| eAPM avg | 10.7 |
| Villagers / military | 52 / 31 |
Focus
⚔️ 22.3% · 🌾 77.7%
Skirmisher ×10 · Fishing Ship ×9 · Unknown (2626) ×6 · Spearman ×6 · Petard ×5 · Chu Ko Nu ×4
Match map
Initial resources + every placement click. Lines = walls · curves = elevation contours. ◆ gold · ⬟ stone · ● berries · ✦ relic · ◌ wall gap
Your base· Open — 3t gap
Rogueny's base· Open — unwalled flank
Smoothed initial terrain · ◌ = detected wall gap · hover for details
Inputs per minute
— Seefor - - Rogueny
Build order — Seefor
142 actions detected in the replay
| 0:36 | Build | Town Center |
| 2:25 | Create | Villager (Male) |
| 2:25 | Create | Villager (Male) |
| 2:35 | Create | Villager (Male) |
| 2:56 | Build | House |
| 3:00 | Create | Villager (Male) |
| 3:03 | Research | Loom |
| 3:17 | Create | Villager (Male) |
| 3:50 | Create | Villager (Male) |
| 4:34 | Create | Villager (Male) |
| 4:41 | Build | Dock |
| 5:03 | Create | Villager (Male) |
| 5:06 | Build | House |
| 5:26 | Create | Fishing Ship |
| 5:58 | Create | Villager (Male) |
| 6:19 | Create | Villager (Male) |
| 6:36 | Create | Fishing Ship |
| 6:53 | Create | Villager (Male) |
| 7:23 | Create | Villager (Male) |
| 7:28 | Build | House |
| 7:53 | Create | Villager (Male) |
| 8:15 | Build | House |
| 8:19 | Create | Fishing Ship |
| 8:56 | Create | Villager (Male) |
| 9:01 | Build | Mill |
| 9:26 | Create | Villager (Male) |
| 9:51 | Create | Villager (Male) |
| 9:56 | Create | Fishing Ship |
| 10:13 | Build | Mining Camp |
| 10:24 | Create | Villager (Male) |
| 10:57 | Research | Feudal Age |
| 11:16 | Build | House |
| 11:23 | Build | Dock |
| 11:43 | Create | Villager (Male) |
| 12:08 | Build | Palisade Wall |
| 12:38 | Build | Barracks |
| 12:41 | Build | Palisade Wall |
| 13:07 | Age | Feudal Age |
| 13:10 | Create | Villager (Male) |
| 13:14 | Create | Fire Galley |
| 13:20 | Create | Demolition Raft |
| 13:31 | Create | Fire Galley |
| 13:40 | Create | Fishing Ship |
| 13:44 | Create | Villager (Male) |
| 13:48 | Build | Palisade Wall |
| 14:15 | Create | Villager (Male) |
| 14:32 | Create | Villager (Male) |
| 15:05 | Create | Fire Galley |
| 15:07 | Create | Demolition Raft |
| 15:12 | Build | Lumber Camp |
| 15:19 | Create | Villager (Male) |
| 15:47 | Build | Stable |
| 16:01 | Create | Fire Galley |
| 16:13 | Create | Villager (Male) |
| 16:18 | Research | Double-Bit Axe |
| 16:27 | Create | Villager (Male) |
| 16:35 | Build | House |
| 16:46 | Build | Outpost |
| 16:51 | Create | Villager (Male) |
| 16:54 | Create | Scout Cavalry |
| 16:55 | Create | Scout Cavalry |
| 17:29 | Create | Fire Galley |
| 17:38 | Create | Scout Cavalry |
| 17:41 | Build | House |
| 18:50 | Create | Villager (Male) |
| 18:52 | Build | House |
| 19:07 | Build | Lumber Camp |
| 19:11 | Build | Mining Camp |
| 19:20 | Research | Horse Collar |
| 20:14 | Create | Villager (Male) |
| 20:19 | Build | Farm |
| 20:20 | Build | Farm |
| 20:44 | Build | Market |
| 20:55 | Create | Demolition Raft |
| 20:55 | Create | Demolition Raft |
| 21:00 | Create | Demolition Raft |
| 21:00 | Create | Demolition Raft |
| 21:05 | Create | Fishing Ship |
| 21:06 | Create | Fishing Ship |
| 21:46 | Create | Fire Galley |
| 21:46 | Create | Fire Galley |
| 22:09 | Research | Castle Age |
| 22:15 | Build | Archery Range |
| 22:34 | Create | Spearman |
| 23:16 | Create | Fire Galley |
| 23:26 | Build | House |
| 23:39 | Build | Lumber Camp |
| 23:42 | Create | Villager (Male) |
| 23:58 | Build | Blacksmith |
| 24:05 | Create | Spearman |
| 24:43 | Create | Demolition Raft |
| 24:44 | Create | Demolition Raft |
| 24:47 | Create | Fishing Ship |
| 24:48 | Create | Fishing Ship |
| 24:49 | Age | Castle Age |
| 24:55 | Create | Cavalry Archer |
| 24:55 | Create | Cavalry Archer |
| 24:56 | Create | Cavalry Archer |
| 24:58 | Research | Fletching |
| 25:01 | Build | House |
| 25:09 | Build | House |
| 25:13 | Research | Bloodlines |
| 25:25 | Create | Cavalry Archer |
| 25:44 | Create | Fire Galley |
| 25:44 | Create | Fire Galley |
| 26:13 | Create | Cavalry Archer |
| 26:14 | Create | Cavalry Archer |
| 26:44 | Create | Villager (Male) |
| 26:45 | Create | Villager (Male) |
| 26:45 | Create | Villager (Male) |
| 26:48 | Create | Cavalry Archer |
| 27:09 | Build | Castle |
| 27:22 | Build | Gate |
| 27:25 | Create | Villager (Male) |
| 27:25 | Create | Villager (Male) |
| 27:28 | Build | House |
| 27:48 | Research | Bodkin Arrow |
| 27:54 | Build | House |
| 27:56 | Build | House |
| 28:23 | Build | Dock |
| 29:02 | Create | Villager (Male) |
| 29:02 | Create | Villager (Male) |
| 29:03 | Create | Villager (Male) |
| 29:40 | Build | Siege Workshop |
| 29:56 | Build | Monastery |
| 30:06 | Create | Villager (Male) |
| 30:10 | Create | Villager (Male) |
| 30:11 | Create | Villager (Male) |
| 30:15 | Build | House |
| 30:20 | Build | Lumber Camp |
| 30:49 | Create | Battering Ram |
| 30:50 | Create | Battering Ram |
| 30:50 | Create | Battering Ram |
| 30:55 | Create | Boyar |
| 30:55 | Create | Boyar |
| 32:10 | Create | Monk |
| 32:10 | Create | Monk |
| 33:27 | Create | Boyar |
| 33:28 | Create | Boyar |
| 34:01 | Create | Cavalry Archer |
| 34:01 | Create | Cavalry Archer |
| 34:02 | Create | Cavalry Archer |
Build order — Rogueny
First 150 of 165 actions detected
| 0:34 | Build | Town Center |
| 3:28 | Research | Loom |
| 4:10 | Build | Dock |
| 4:42 | Create | Villager (Male) |
| 5:02 | Create | Fishing Ship |
| 5:16 | Create | Villager (Male) |
| 5:58 | Create | Villager (Male) |
| 6:03 | Create | Fishing Ship |
| 6:27 | Create | Villager (Male) |
| 6:54 | Build | House |
| 6:57 | Build | House |
| 7:02 | Create | Villager (Male) |
| 7:20 | Create | Villager (Male) |
| 7:53 | Create | Villager (Male) |
| 8:02 | Create | Villager (Male) |
| 8:13 | Create | Fishing Ship |
| 8:44 | Create | Villager (Male) |
| 8:45 | Create | Villager (Male) |
| 8:49 | Create | Fishing Ship |
| 9:12 | Create | Fishing Ship |
| 9:43 | Create | Villager (Male) |
| 9:43 | Create | Villager (Male) |
| 9:50 | Create | Fishing Ship |
| 10:00 | Build | House |
| 10:01 | Build | House |
| 10:05 | Create | Villager (Male) |
| 10:06 | Create | Villager (Male) |
| 10:40 | Create | Fishing Ship |
| 10:49 | Create | Villager (Male) |
| 10:50 | Create | Villager (Male) |
| 11:00 | Create | Villager (Male) |
| 11:00 | Create | Villager (Male) |
| 11:12 | Build | Mining Camp |
| 11:38 | Create | Villager (Male) |
| 11:39 | Create | Villager (Male) |
| 11:52 | Create | Fishing Ship |
| 11:52 | Create | Fishing Ship |
| 12:46 | Create | Villager (Male) |
| 12:46 | Create | Villager (Male) |
| 12:52 | Build | House |
| 12:53 | Build | House |
| 12:54 | Build | House |
| 13:25 | Research | Feudal Age |
| 13:30 | Create | Villager (Male) |
| 13:31 | Create | Villager (Male) |
| 15:17 | Build | Barracks |
| 15:25 | Build | Lumber Camp |
| 15:38 | Age | Feudal Age |
| 15:39 | Create | Unit 2626 |
| 15:39 | Create | Unit 2626 |
| 15:51 | Create | Villager (Male) |
| 15:52 | Create | Villager (Male) |
| 15:56 | Research | Double-Bit Axe |
| 16:09 | Build | Blacksmith |
| 16:20 | Build | Mill |
| 16:31 | Build | Stable |
| 16:34 | Create | Villager (Male) |
| 16:34 | Create | Villager (Male) |
| 17:06 | Build | Dock |
| 17:33 | Create | Unit 2626 |
| 17:34 | Create | Unit 2626 |
| 17:51 | Create | Villager (Male) |
| 17:52 | Create | Villager (Male) |
| 17:52 | Create | Villager (Male) |
| 18:00 | Create | Scout Cavalry |
| 18:25 | Build | Mill |
| 18:54 | Create | Spearman |
| 18:54 | Create | Spearman |
| 19:24 | Create | Spearman |
| 19:25 | Create | Spearman |
| 19:37 | Create | Spearman |
| 19:56 | Create | Scout Cavalry |
| 20:12 | Build | Mining Camp |
| 20:18 | Create | Villager (Male) |
| 20:18 | Create | Villager (Male) |
| 20:19 | Create | Villager (Male) |
| 20:39 | Research | Horse Collar |
| 20:48 | Build | House |
| 20:49 | Build | House |
| 20:49 | Build | House |
| 20:50 | Build | House |
| 20:57 | Build | House |
| 20:57 | Build | House |
| 20:58 | Build | House |
| 21:03 | Create | Spearman |
| 21:33 | Create | Unit 2626 |
| 21:34 | Create | Unit 2626 |
| 21:57 | Create | Villager (Male) |
| 22:09 | Build | Farm |
| 22:10 | Build | Farm |
| 22:10 | Build | Farm |
| 22:10 | Build | Farm |
| 22:10 | Build | Farm |
| 22:19 | Build | Mining Camp |
| 22:37 | Create | Villager (Male) |
| 22:37 | Create | Villager (Male) |
| 22:37 | Create | Villager (Male) |
| 23:02 | Build | Dock |
| 23:43 | Build | Market |
| 24:00 | Create | Villager (Male) |
| 24:01 | Create | Villager (Male) |
| 24:08 | Build | Farm |
| 24:13 | Build | Farm |
| 24:19 | Build | Farm |
| 24:31 | Build | House |
| 24:33 | Build | House |
| 24:34 | Build | House |
| 24:35 | Build | House |
| 24:49 | Research | Castle Age |
| 26:27 | Create | Villager (Male) |
| 26:28 | Create | Villager (Male) |
| 26:40 | Build | Archery Range |
| 26:49 | Research | Bloodlines |
| 27:07 | Create | Skirmisher |
| 27:08 | Create | Skirmisher |
| 27:08 | Create | Skirmisher |
| 27:30 | Age | Castle Age |
| 27:38 | Build | Castle |
| 28:14 | Create | Villager (Male) |
| 28:15 | Create | Villager (Male) |
| 28:15 | Create | Villager (Male) |
| 28:29 | Build | Siege Workshop |
| 28:35 | Research | Elite Skirmisher (upgrade) |
| 28:49 | Research | Fletching |
| 28:50 | Research | Padded Archer Armor |
| 28:55 | Create | Petard |
| 28:55 | Create | Petard |
| 28:56 | Create | Petard |
| 28:56 | Create | Petard |
| 28:57 | Create | Petard |
| 29:00 | Create | Battering Ram |
| 29:00 | Create | Battering Ram |
| 29:06 | Build | Town Center |
| 29:54 | Create | Skirmisher |
| 29:55 | Create | Skirmisher |
| 30:02 | Build | Archery Range |
| 30:22 | Create | Battering Ram |
| 30:35 | Create | Skirmisher |
| 30:35 | Create | Skirmisher |
| 30:35 | Create | Skirmisher |
| 31:45 | Create | Chu Ko Nu |
| 31:46 | Create | Chu Ko Nu |
| 32:09 | Create | Villager (Male) |
| 32:09 | Create | Villager (Male) |
| 32:10 | Create | Villager (Male) |
| 32:21 | Build | Farm |
| 32:22 | Build | Farm |
| 32:22 | Build | Farm |
| 32:22 | Build | Farm |
| 32:23 | Build | Farm |
Match timeline
| 4:10 | Rogueny · first_building Dock |
| 4:41 | Seefor · first_building Dock |
| 12:08 | Seefor · wall_segment Palisade Wall x4 |
| 12:38 | Seefor · first_building Barracks |
| 12:41 | Seefor · wall_segment Palisade Wall x1 |
| 13:07 | Seefor · age_up feudal |
| 13:48 | Seefor · wall_segment Palisade Wall x4 |
| 15:17 | Rogueny · first_building Barracks |
| 15:38 | Rogueny · age_up feudal |
| 15:47 | Seefor · first_building Stable |
| 16:31 | Rogueny · first_building Stable |
| 21:56 | Seefor · first_market_sell 100 food |
| 21:58 | Seefor · first_market_buy 100 food |
| 22:15 | Seefor · first_building Archery Range |
| 24:49 | Seefor · age_up castle |
| 26:40 | Rogueny · first_building Archery Range |
| 27:09 | Seefor · first_building Castle |
| 27:30 | Rogueny · age_up castle |
| 27:38 | Rogueny · first_building Castle |
| 28:29 | Rogueny · first_building Siege Workshop |
| 29:40 | Seefor · first_building Siege Workshop |
| 29:56 | Seefor · first_building Monastery |
| 32:58 | Rogueny · first_market_sell 100 wood |
| 34:08 | Rogueny · resign |
[ AI ANALYSIS · 1 CREDIT ]
What really happened in this match?
Wolo.gg analyzes every decision: build order, eco, micro, common mistakes by bracket. Personalized analysis on WhatsApp or Discord in 30 seconds.
Civ guide
Slavs
Perfil
Jugador #489545